 Dungeon Crawl Stone Soup version 0.32-a0-571-gec57dfcd37 (webtiles) character file.

Game seed: 4682594308745182411

531 CougarLife the Digger (level 7, 0/36 HPs)
             Began as a Gargoyle Earth Elementalist on Mar 1, 2024.
             Killed by divine providence
             ... invoked by an orc priest
              (13 damage)
             ... on level 4 of the Dungeon.
             The game lasted 00:03:57 (2910 turns).

CougarLife the Digger (Gargoyle Earth Elementalist) Turns: 2910, Time: 00:03:58

Health: 0/36       AC: 11    Str: 11    XL:     7   Next: 24%
Magic:  13/13      EV: 11    Int: 18    God:
Gold:   116        SH:  0    Dex: 10    Spells: 10/14 levels left

rFire   . . .        l - +7 dagger of the Several Dances {pain, rPois rC+}
rCold   + . .        (no shield)
rNeg    + . .        a - +0 robe
rPois   ∞            (no helmet)
rElec   +            i - +0 cloak
rCorr   .            (no gloves)
SInv    .            (no boots)
Will    .....        (no amulet)
Stlth   ++           j - +4 ring of protection
HPRegen 0.26/turn    (no ring)
MPRegen 0.13/turn

%: no passive effects
@: very slightly contaminated
A: sickness immunity, AC +4, negative energy resistance 1, electricity
resistance, torment resistance 1, petrification resistance
a: Convert to Beogh


You were on level 4 of the Dungeon.
You visited 1 branch of the dungeon, and saw 4 of its levels.

You collected 116 gold pieces.

Inventory:

Hand Weapons
 l - the +7 dagger of the Several Dances (weapon) {pain, rPois rC+}
   (You found it on level 2 of the Dungeon)

   rC+:       It protects you from cold.
   rPois:     It protects you from poison
Armour
 a - a +0 robe (worn)
 i - a +0 cloak (worn)
Jewellery
 j - a +4 ring of protection (left hand)
Scrolls
 c - 3 scrolls of revelation {unknown}
 d - a scroll of poison {unknown}
 e - 2 scrolls of immolation {unknown}
 g - 4 scrolls of identify {unknown}
 k - a scroll of enchant weapon {unknown}
 m - a scroll of enchant armour {unknown}
 o - 3 scrolls of teleportation {unknown}
 r - a scroll of noise {unknown}
 s - a scroll of fog {unknown}
Potions
 f - a potion of ambrosia {unknown}
 h - a potion of heal wounds {unknown}
 n - a potion of degeneration {unknown}
 p - a potion of haste {unknown}
 q - a potion of berserk rage {unknown}


   Skills:
 - Level 1.5 Dodging
 - Level 2.1 Stealth
 + Level 4.3 Spellcasting
 + Level 4.6 Conjurations
 + Level 6.3 Earth Magic


You had 10 spell levels left.
You knew the following spells:

 Your Spells              Type           Power      Damage    Failure   Level
a - Sandblast             Erth           52%        2d12      1%          1
b - Stone Arrow           Conj/Erth      46%        3d9       4%          3

Your spell library contained the following spells:

 Spells                   Type           Power      Damage    Failure   Level
 Passwall                 Erth           26%        N/A       3%          3
 Necrotise                Necr           12%        1d4       14%         1
 Brom's Barrelling Bould  Conj/Erth      23%        2d4       16%         4
 Petrify                  Alch/Erth      15%        N/A       36%         4
 Vampiric Draining        Necr           3%         2d6       38%         3
 Martyr's Knell           Necr/Summ      3%         N/A       80%         4
 Summon Blazeheart Golem  Fire/Summ      3%         N/A       80%         4
 Curse of Agony           Necr           3%         N/A       98%         5
 Orb of Destruction       Conj           10%        9d6       100%        7
 Spellforged Servitor     Conj/Summ      6%         N/A       100%        7
 Chain Lightning          Conj/Air       6%         3d8       100%        9
 Fire Storm               Conj/Fire      6%         8d2       100%        9
 Shatter                  Erth           13%        3d13*     100%        9


Dungeon Overview and Level Annotations

Branches:
Dungeon (4/15)
 Temple: D:4-7

Altars:


Innate Abilities, Weirdness & Mutations

You are immune to sickness and miasma.
Your stone body is resilient. (AC +4)
You are immune to poison.
You resist negative energy. (rN+)
You are resistant to electric shocks. (rElec)
You are resistant to unholy torment.
You are immune to petrification.


Message History

The orc barely misses you.
Casting: Sandblast (safe; 1% risk of failure)
Confirm with . or Enter, or press ? or * to list all spells.
Aiming: Sandblast (safe; 1% risk of failure)
Press: ? - help, Shift-Dir - straight line, f/p - orc
Aim: an orc, wielding a +0 falchion (83% to hit)
You miscast Sandblast.
You are very lightly contaminated with residual magic.
Nothing appears to happen.
An orc priest comes into view. It is wielding a +0 falchion.
The orc hits you with a +0 falchion.
Casting: Sandblast (safe; 1% risk of failure)
Confirm with . or Enter, or press ? or * to list all spells.
Aiming: Sandblast (safe; 1% risk of failure)
Press: ? - help, Shift-Dir - straight line, f/p - orc
Aim: an orc, wielding a +0 falchion (83% to hit)
The blast of sand hits the orc!!
You kill the orc!
The orc priest shouts!
An orc comes into view. It is wielding a +0 club.
Casting: Sandblast (safe; 1% risk of failure)
Confirm with . or Enter, or press ? or * to list all spells.
Aiming: Sandblast (safe; 1% risk of failure)
Press: ? - help, Shift-Dir - straight line, f - orc
Aim: an orc, wielding a +0 flail (83% to hit)
The blast of sand hits the orc!
You kill the orc!
The orc shouts!
The orc completely misses you.
The orc priest looks encouraged for a moment.
The orc attacks as it pursues you! The orc hits you but does no damage.
The orc priest calls down the wrath of Beogh upon you.
Beogh smites you!
The orc priest threatens, "Beogh's wrath is as vast as their mercy.
Make your choice!" (press Y on the ability menu to convert to Beogh) Magic courses through your body.
The orc hits you from afar with a +0 trident.
The orc priest mumbles some strange prayers to Beogh against you.
Beogh smites you!
You die...

#........ #........ ##
#######........ ####### #<
...........†... #.)...######.
............... #.....#...##.
............... #.....#..)###
#....)........ #.....#...#
####.###########.....#...###
.#....)o.)o.@...'............
#........o########.....#######
#...##.##.# #.....#
#>.....##.# #.....#
###.....#.# ####### #....?#..
#.....##. #.... .. ..# .. #.#


You could see an orc priest and 2 orcs.

Vanquished Creatures
  Sigmund (D:3)
  An ogre (D:3)
  An orc priest (D:3)
  3 orc wizards
  Natasha (thrice) (D:2)
  An adder (D:3)
  18 orcs
  8 ball pythons
  5 bats
  An endoplasm (D:2)
  5 giant cockroaches
  5 goblins
  8 hobgoblins
  3 jackals (D:4)
  5 kobolds
  5 quokkas
  A ball python simulacrum (D:2)
  A ball python skeleton (D:2)
  2 ball python zombies (D:2)
  A frilled lizard (D:1)
  A giant cockroach zombie (D:2)
  4 rats
  A spectral jackal (D:2)
84 creatures vanquished.

Notes
Turn   | Place    | Note
-------+----------+-------------------------------------------
     0 | D:1      | CougarLife the Gargoyle Earth Elementalist began the quest
                  | for the Orb.
     0 | D:1      | Reached XP level 1. HP: 10/10 MP: 3/3
   303 | D:1      | Reached XP level 2. HP: 15/15 MP: 3/5
   571 | D:1      | Reached skill level 4 in Earth Magic
   855 | D:1      | Reached XP level 3. HP: 19/19 MP: 4/6
  1208 | D:2      | Noticed Natasha
  1219 | D:2      | Killed Natasha
  1289 | D:2      | Identified the +7 dagger of the Several Dances {pain, rPois
                  | rC+}
  1306 | D:2      | Noticed Natasha
  1309 | D:2      | Reached XP level 4. HP: 24/24 MP: 6/8
  1309 | D:2      | Killed Natasha
  1564 | D:2      | Noticed Natasha
  1569 | D:2      | Killed Natasha
  1570 | D:2      | Reached XP level 5. HP: 18/28 MP: 5/9
  1811 | D:3      | Found a faded altar of an unknown god.
  1953 | D:3      | Reached skill level 5 in Earth Magic
  2203 | D:3      | Noticed Sigmund
  2213 | D:3      | Killed Sigmund
  2214 | D:3      | Reached XP level 6. HP: 23/32 MP: 5/12
  2226 | D:3      | Learned a level 3 spell: Stone Arrow
  2684 | D:3      | Reached skill level 6 in Earth Magic
  2684 | D:3      | Reached XP level 7. HP: 36/36 MP: 3/13
  2910 | D:4      | Killed from afar by an orc priest

Illustrated notes

Levels and vault maps discovered:
D:1:      wander_arrival_fairy_ring, layout_loops_corners
D:2:      layout_basic, dilly_guarded_unrand_morg
D:3:      cheibrodos_old_hovel, layout_basic,
          hellmonk_ecumenical_altar_prayer_group, corexii_corridor_pit,
          uniq_sigmund
D:4:      layout_basic, amethyst_overflow_temple_binary,
          mainiacjoe_overflow_concentric_impassable

Skill      XL: |  1  2  3  4  5  6 |
---------------+-------------------+-----
Earth Magic    | 4 5 6 |  6.3
Conjurations   | 2 4 |  4.6
Spellcasting   | 3 4 |  4.3
Dodging        | |  1.5
Stealth        | |  2.1

Action                     |  1- 3 |  4- 6 |  7- 9 || total
---------------------------+-------+-------+-------++-------
  Melee: Unarmed           |     8 |       |       ||     8
         Dagger            |       |     8 |       ||     8
   Cast: Sandblast         |    39 |    57 |    19 ||   115
         Stone Arrow       |       |     2 |       ||     2
    Use: Potion            |       |       |     1 ||     1
   Stab: Sleeping          |       |     2 |       ||     2
 Armour: Robe              |    15 |    23 |    10 ||    48
  Dodge: Dodged            |    14 |    13 |    11 ||    38

Table legend: (Time is in decaauts)
 A = Elapsed time spent in this place.
 B = Non-inter-level travel time spent in this place.
 C = Inter-level travel time spent in this place.
 D = Time resting spent in this place.
 E = Time spent auto-exploring this place.
 F = Levels seen in this place.
 G = Mean time per level.
                   A        B        C        D        E       F      G
               +--------+--------+--------+--------+--------+-----+--------+
         Total |   2973 |   2823 |    150 |    228 |   2126 |   4 |  743.2 |
       Dungeon |   2973 |   2823 |    150 |    228 |   2126 |   4 |  743.2 |
               +--------+--------+--------+--------+--------+-----+--------+

Top non-repeatable levels by time:
     D:1: 1108 daAuts
     D:3: 1002 daAuts
     D:2: 725 daAuts
     D:4: 137 daAuts
